 Dungeon Crawl Stone Soup version 0.30-a0-4-ga7cffc901d (webtiles) character file.

Game seed: 4115911461189160223

1278 drpainis the Magician (level 8, -3/35 (37) HPs)
             Began as a Spriggan Summoner on Aug 20, 2022.
             Was an Initiate of Hepliaklqana.
             Slain by a wight
             ... wielding a +0 halberd
              (4 damage)
             ... on level 6 of the Dungeon.
             The game lasted 00:18:28 (14448 turns).

drpainis the Magician (Spriggan Summoner)          Turns: 14448, Time: 00:18:28

HP:   -3/35 (37)    AC:  5    Str:  3    XL:     8   Next: 29%
MP:   13/20         EV: 20    Int: 18    God:    Hepliaklqana [......]
Gold: 112           SH:  0    Dex: 22    Spells: 11/21 levels left

rFire   + + +      SeeInvis +    z - +8 dagger of the Vanishing Seers {flame, Fragile rF+++ rC+ Dex+3}
rCold   . . .      Faith    .    (no shield)
rNeg    . . .      Spirit   .    E - +2 robe {Will+}
rPois   .          Reflect  .    (helmet restricted)
rElec   .          Harm     .    q - +0 cloak
rCorr   +          Rampage  .    (gloves unavailable)
Will    ++...                    (boots unavailable)
Stlth   +++.......               n - amulet of regeneration
HPRegen 0.91/turn                h - ring of resist corrosion
MPRegen 0.17/turn                o - ring of fire

@: drained, very quick
A: very small, no large weapons, unfitting armour, see invisible, speed 3, agile
1, no potion heal 1
a: Renounce Religion


You were on level 6 of the Dungeon.
You worshipped Hepliaklqana.
Hepliaklqana was noncommittal.
You visited 2 branches of the dungeon, and saw 7 of its levels.
You also visited: Sewer.

You collected 298 gold pieces.
You spent 186 gold pieces at shops.

Inventory:

Hand Weapons
 k - a +0 dagger
 p - a +2 quarterstaff of chaos
 z - the +8 dagger of the Vanishing Seers (weapon) {flame, Fragile rF+++ rC+ Dex+3}
   (You found it on level 4 of the Dungeon)

   It burns those it strikes, dealing additional fire damage.
   Dex:       It affects your dexterity (+3).
   rF:        It renders you almost immune to fire.
   rC:        It protects you from cold.
   Fragile:   It will be destroyed if unequipped.
Missiles
 v - 4 poisoned darts
Armour
 a - a +0 robe
 q - a +0 cloak (worn)
 E - a +2 robe of willpower (worn)
Magical Staves
 j - a staff of poison
Jewellery
 h - a ring of resist corrosion (left hand)
 n - an amulet of regeneration (around neck)
 o - a ring of fire (right hand)
 D - a ring of fire
 G - a ring of positive energy
Wands
 C - a wand of flame (21)
Scrolls
 c - 3 scrolls of poison
 d - 4 scrolls of teleportation {unknown}
 e - 3 scrolls of vulnerability
 f - 3 scrolls of identify
 g - a scroll of enchant armour {unknown}
 l - 2 scrolls of amnesia {unknown}
 r - 2 scrolls of blinking
 s - a scroll of magic mapping {unknown}
 t - a scroll of immolation {unknown}
 w - 3 scrolls of enchant weapon
 y - a scroll of butterflies {unknown}
Potions
 b - 2 potions of magic
 i - a potion of flight {unknown}
 m - 2 potions of lignification {unknown}
 x - a potion of brilliance {unknown}
 A - a potion of attraction {unknown}
 B - 3 potions of degeneration {unknown}
 F - a potion of curing {unknown}
Miscellaneous
 u - a tin of tremorstones (2/2)


   Skills:
 + Level 1.0 Fighting
 + Level 1.0 Short Blades
 + Level 1.9 Staves
 + Level 4.4 Dodging
 + Level 5.4 Stealth
 + Level 0.2 Unarmed Combat
 + Level 7.4 Spellcasting
 + Level 1.9 Hexes
 + Level 5.9 Summonings


You had 11 spell levels left.
You knew the following spells:

 Your Spells              Type           Power      Damage    Failure   Level
a - Summon Small Mammal   Summ           100%       N/A       1%          1
b - Call Imp              Summ           28%        N/A       1%          2
c - Call Canine Familiar  Summ           28%        N/A       2%          3
d - Summon Guardian Gole  Hex/Summ       20%        N/A       6%          3
e - Slow                  Hex            52%        N/A       4%          1

Your spell library contained the following spells:

 Spells                   Type           Power      Damage    Failure   Level
 Apportation              Tloc           12%        N/A       11%         1
 Freeze                   Ice            24%        1d5       11%         1
 Magic Dart               Conj           24%        1d4       11%         1
 Necrotise                Necr           24%        1d5       11%         1
 Summon Lightning Spire   Summ/Air       17%        N/A       30%         4
 Borgnjor's Revivificati  Necr           3%         N/A       100%        8
 Necromutation            Tmut/Necr      3%         N/A       100%        8
 Death's Door             Necr           3%         N/A       100%        9


Dungeon Overview and Level Annotations

Branches:
Dungeon (6/15)             Temple (1/1) D:6           Sewer (visited)

Altars:
Ashenzari
Cheibriados
Dithmenos
Elyvilon
Fedhas
Gozag
Hepliaklqana
Makhleb
Nemelex Xobeh
Okawaru
Qazlal
Ru
Sif Muna
Trog
Uskayaw
Vehumet
Wu Jian
Xom
Yredelemnul
Zin
The Shining One

Shops:
D:5 ?:(:

Annotations:
D:6 exclusion: oklob sapling


Innate Abilities, Weirdness & Mutations

You are very small and have problems with some larger weapons.
You are too small for most types of armour.
You have supernaturally acute eyesight. (SInv)
You cover ground extremely quickly. (Speed+++)
You are agile. (Dex +4, Str/Int -1)
Potions are less effective at restoring your health.


Message History

The wight is moderately damaged.
Your bat hits the wight but does no damage.
Your bat barely misses the wight.
Your hound bites the wight but does no damage. x2
The wight hits you with a +0 halberd! The wight closely misses you.
You swap places.
Your bat hits the wight but does no damage.
Your bat barely misses the wight.
Your hound bites the wight but does no damage.
Your bat closely misses the wight.
Your white imp hits the wight but does no damage.
The wight hits your bat with a +0 halberd.
The wight closely misses your hound.
Your hound bites the wight.
Your white imp hits the wight but does no damage.
Your hound barely misses the wight.
Your bat hits the wight but does no damage.
Your bat hits the wight but does no damage.
Your hound bites the wight.
Your white imp gestures at the wight.
The puff of frost hits the wight.
The wight resists.
Your hound misses the wight.
Your bat hits the wight but does no damage.
The wight closely misses your white imp.
The wight hits your white imp with a +0 trident.
Your hound closely misses the wight.
Your white imp hits the wight but does no damage.
Your bat hits the wight but does no damage.
Your bat barely misses the wight.
Your white imp hits the wight but does no damage.
Something hits your guardian golem but does no damage.
Your bat barely misses the wight.
The wight hits you from afar with a +0 halberd!
* * * LOW HITPOINT WARNING * * *
Something hits your white imp.
You swap places.
Your bat hits the wight but does no damage.
The wight hits you from afar with a +0 halberd!
* * * LOW HITPOINT WARNING * * *
You feel drained.
You die...

#.................#.......#.#
#.######..#######.#.........# #.#
#.## #.#.......### #.# #.#
#.##..z...... #.# #.#
#####.###...##### #####.####
#.####5.h...#...###### .........#
#.#...z9z.....#.##....
#####.##.###.#.##b###..[.........
.####.##........@.# #........#.##
.............#.#### #########.##
#####..........# ### ############


You could see 2 wights, a friendly guardian golem (summoned), a friendly hound
(summoned, sheltered), a friendly white imp (summoned, sheltered) and a friendly
bat (summoned, sheltered).

Vanquished Creatures
  A phantom (D:4)
  A bullfrog (D:5)
  2 wights (D:6)
  3 iguanas
  2 adders
  A gnoll (D:3)
  An ufetubus (D:6)
  A dart slug (D:1)
  5 endoplasms
  2 giant cockroaches
  6 goblins
  5 hobgoblins
  2 jackals (D:3)
  A kobold (D:4)
  9 quokkas
  2 ball pythons
  3 bats
  2 frilled lizards (Sewer)
  2 rats
51 creatures vanquished.

Vanquished Creatures (collateral kills)
  Blork the orc (D:6)
  2 bullfrogs (Sewer)
  2 scorpions
  A jelly (D:6)
  An orc priest (D:4)
  Crazy Yiuf (D:2)
  2 iguanas (D:5)
  3 orc wizards (D:4)
  3 gnolls (D:3)
  2 adders
  An ufetubus (D:5)
  A worm (D:4)
  4 dart slugs
  6 orcs
  10 endoplasms
  5 giant cockroaches (Sewer)
  5 goblins
  3 hobgoblins
  2 jackals (D:3)
  9 kobolds
  13 quokkas
  9 ball pythons
  2 bats
  2 frilled lizards
  A rat (D:2)
91 creatures vanquished.

Vanquished Creatures (others)
  An orc warrior (D:4)
  A centaur (D:5)
  An iguana (D:6)
  An endoplasm (D:1)
  2 fungi (D:2)
  25 plants (D:6)
31 creatures vanquished.

Grand Total: 173 creatures vanquished

Notes
Turn   | Place    | Note
-------+----------+-------------------------------------------
     0 | D:1      | drpainis the Spriggan Summoner began the quest for the Orb.
     0 | D:1      | Reached XP level 1. HP: 9/9 MP: 5/5
   496 | D:1      | Reached XP level 2. HP: 13/13 MP: 2/6
  1936 | D:1      | Learned a level 2 spell: Call Imp
  2319 | D:1      | Reached skill level 3 in Spellcasting
  3302 | D:1      | Reached XP level 3. HP: 15/16 MP: 4/8
  3306 | D:1      | Learned a level 3 spell: Call Canine Familiar
  4176 | D:2      | Found a burning altar of Makhleb.
  4384 | D:2      | Found a faded altar of an unknown god.
  5861 | D:2      | Found a runed translucent door.
  5862 | D:2      | Noticed Crazy Yiuf
  6046 | D:2      | Killed Crazy Yiuf
  6047 | D:2      | Reached skill level 4 in Spellcasting
  6047 | D:2      | Reached XP level 4. HP: 21/21 MP: 2/11
  6373 | D:3      | Reached XP level 5. HP: 24/24 MP: 4/12
  6437 | D:3      | Learned a level 3 spell: Summon Guardian Golem
  6511 | D:3      | Found a glowing drain.
  6551 | Sewer    | Entered a sewer
  6959 | Sewer    | Reached skill level 1 in Staves
  6959 | Sewer    | Reached skill level 5 in Spellcasting
  6970 | Sewer    | Reached XP level 6. HP: 28/29 MP: 5/14
  8065 | D:4      | Identified the +8 dagger of the Vanishing Seers {flame,
                  | Fragile rF+++ rC+ Dex+3}
  8656 | D:4      | Noticed an orc warrior
  8673 | D:4      | Killed an orc warrior
  8674 | D:4      | Reached skill level 1 in Hexes
  8674 | D:4      | Reached XP level 7. HP: 32/32 MP: 7/16
  9102 | D:4      | Reached skill level 6 in Spellcasting
  9102 | D:4      | Reached skill level 5 in Summonings
  9699 | D:4      | Found a blossoming altar of Fedhas.
  9847 | D:5      | Entered Level 5 of the Dungeon
  9914 | D:5      | Reached skill level 5 in Stealth
 10134 | D:5      | Found Offorun's Magic Scroll Emporium.
 10275 | D:5      | Bought a scroll of identify for 30 gold pieces
 10374 | D:5      | Found Hycsun's Weapon Shop.
 10403 | D:5      | Found Oca Ituyma's Book Emporium.
 11029 | D:5      | Found Boggigg's Book Shoppe.
 11038 | D:5      | Bought Rites and Rhymes, Part One for 156 gold pieces
 11049 | D:5      | Learned a level 1 spell: Slow
 11257 | D:6      | Noticed Blork the orc
 11877 | D:6      | Killed Blork the orc
 11878 | D:6      | Reached XP level 8. HP: 28/37 MP: 6/19
 12180 | D:6      | Gained mutation: You are clumsy. (Dex -2) [potion of
                  | mutation]
 12180 | D:6      | Gained mutation: You are partially covered in iridescent
                  | scales. (AC +2) [potion of mutation]
 12180 | D:6      | Lost mutation: You are partially covered in iridescent
                  | scales. (AC +2) [potion of mutation]
 12180 | D:6      | Gained mutation: You expend magic power (3 MP) to
                  | strengthen your wands. [potion of mutation]
 12181 | D:6      | Lost mutation: You are clumsy. (Dex -2) [potion of
                  | mutation]
 12181 | D:6      | Lost mutation: You expend magic power (3 MP) to strengthen
                  | your wands. [potion of mutation]
 12181 | D:6      | Gained mutation: Your muscles are strong. (Str +4, Int/Dex
                  | -1) [potion of mutation]
 12181 | D:6      | Gained mutation: Your flesh is cold resistant. (rC+)
                  | [potion of mutation]
 12181 | D:6      | Gained mutation: You occasionally lose the ability to read
                  | scrolls when taking damage. [potion of mutation]
 12282 | D:6      | Lost mutation: Your muscles are strong. (Str +4, Int/Dex
                  | -1) [potion of mutation]
 12282 | D:6      | Lost mutation: Your flesh is cold resistant. (rC+) [potion
                  | of mutation]
 12282 | D:6      | Lost mutation: You occasionally lose the ability to read
                  | scrolls when taking damage. [potion of mutation]
 12282 | D:6      | Gained mutation: You are partially covered in iridescent
                  | scales. (AC +2) [potion of mutation]
 12282 | D:6      | Gained mutation: Potions are less effective at restoring
                  | your health. [potion of mutation]
 12282 | D:6      | Gained mutation: You are mostly covered in iridescent
                  | scales. (AC +4) [potion of mutation]
 12283 | D:6      | Lost mutation: You are mostly covered in iridescent scales.
                  | (AC +4) [potion of mutation]
 12283 | D:6      | Lost mutation: You are partially covered in iridescent
                  | scales. (AC +2) [potion of mutation]
 12283 | D:6      | Gained mutation: You are agile. (Dex +4, Str/Int -1)
                  | [potion of mutation]
 12599 | D:6      | Found a staircase to the Ecumenical Temple.
 12626 | Temple   | Entered the Ecumenical Temple
 12912 | Temple   | Became a worshipper of Hepliaklqana the Forgotten
 13208 | D:6      | Reached skill level 1 in Fighting
 13208 | D:6      | Reached skill level 1 in Short Blades
 13824 | D:6      | Reached skill level 7 in Spellcasting
 14448 | D:6      | HP: 1/37 [wight/+0 halberd (8)]
 14448 | D:6      | Slain by a wight

Illustrated notes

Levels and vault maps discovered:
D:1:      eino_arrival_cavern_e, layout_basic, kennysheep_small_spiral,
          lemuel_old_faithful
D:2:      layout_loops_corners, ebering_ecumenical_altar_box, basic_altar,
          uniq_crazy_yiuf_cottage
D:3:      layout_loops_ring, portal_sewer_entry_f
D:4:      kennysheep_big_flooded_room, layout_basic, fedhas_ov_isle_minmay,
          kennysheep_generic_room_16
D:5:      layout_rooms, serial_shops, shop_statue, shop_statue,
          nicolae_shop_stone, nicolae_shop_hallway_plus
D:6:      layout_loops_ring, minmay_temple_entry_oklob, corexii_shack,
          guppyfry_early_elven_hall, uniq_blork_the_orc
Temple:   mainiacjoe_temple_big_plus

Skill      XL: |  1  2  3  4  5  6  7  8 |
---------------+-------------------------+-----
Spellcasting   | 3 4 5 6 7 |  7.4
Summonings     | 4 5 |  5.9
Dodging        | 3 4 |  4.4
Staves         | 1 |  1.9
Stealth        | 4 5 |  5.4
Hexes          | 1 |  1.9
Fighting       | 1 |  1.0
Short Blades   | 1 |  1.0
Unarmed Combat | |  0.2

Action                   |  1- 3 |  4- 6 |  7- 9 || total
-------------------------+-------+-------+-------++-------
Melee: Unarmed           |    45 |       |       ||    45
       Dagger            |    16 |     1 |    48 ||    65
       Quarterstaff      |       |    90 |       ||    90
       Punch             |       |       |     1 ||     1
 Cast: Summon Small Mamm |    69 |    28 |    37 ||   134
       Call Imp          |     9 |     9 |     9 ||    27
       Call Canine Famil |     5 |    13 |    22 ||    40
       Summon Guardian G |       |     9 |    11 ||    20
       Slow              |       |       |     6 ||     6
  Use: Scroll            |       |       |     4 ||     4
       Potion            |       |       |     4 ||     4
 Stab: Sleeping          |     6 |     5 |     6 ||    17
       Distracted        |     1 |       |     1 ||     2
Armor: Robe              |    10 |    22 |     6 ||    38
Dodge: Dodged            |    75 |   107 |    55 ||   237

Table legend: (Time is in decaauts)
 A = Elapsed time spent in this place.
 B = Non-inter-level travel time spent in this place.
 C = Inter-level travel time spent in this place.
 D = Time resting spent in this place.
 E = Time spent auto-exploring this place.
 F = Levels seen in this place.
 G = Mean time per level.
                   A        B        C        D        E       F      G
               +--------+--------+--------+--------+--------+-----+--------+
         Total |  12759 |  12624 |    135 |   8422 |   2392 |   8 | 1594.9 |
       Dungeon |  11996 |  11886 |    110 |   8274 |   2140 |   6 | 1999.3 |
        Temple |    282 |    258 |     24 |      0 |    252 |   1 |  282.0 |
         Sewer |    481 |    481 |      0 |    148 |      0 |   1 |  481.0 |
               +--------+--------+--------+--------+--------+-----+--------+

Top non-repeatable levels by time:
     D:1: 3119 daAuts
     D:2: 2363 daAuts
     D:5: 2033 daAuts
     D:6: 1732 daAuts
     D:4: 1524 daAuts
     D:3: 1222 daAuts
   Sewer: 481 daAuts
  Temple: 282 daAuts
